 Dungeon Crawl Stone Soup version 0.27-a0-1060-gcb85b5eba1 (webtiles) character file.

Game seed: 15846801683134929839

14 tsouns the Sneak (level 2, 0/23 HPs)
             Began as a Demonspawn Brigand on Apr 21, 2021.
             Slain by an adder (3 damage)
             ... on level 2 of the Dungeon.
             The game lasted 00:01:24 (1051 turns).

tsouns the Sneak (Demonspawn Brigand)               Turns: 1051, Time: 00:01:25

Health: 0/23       AC:  3    Str: 11    XL:     2   Next: 31%
Magic:  2/2        EV: 11    Int: 12    God:
Gold:   20         SH:  0    Dex: 14    Spells: 1/1 levels left

rFire    . . .     SeeInvis .   g - +0 falchion
rCold    . . .     Faith    .   (no shield)
rNeg     . . .     Spirit   .   b - +0 robe
rPois    .         Reflect  .   (no helmet)
rElec    .         Harm     .   c - +0 cloak
rCorr    .         Rampage  .   (no gloves)
Will     .....                  (no boots)
Stlth    ++........             (no amulet)
HPRegen  0.07/turn              (no ring)
MPRegen  0.08/turn              (no ring)

@: lethally poisoned (0 -> -7)
A: claws 1
a: no special abilities


You were on level 2 of the Dungeon.
You visited 1 branch of the dungeon, and saw 2 of its levels.

You collected 20 gold pieces.

Inventory:

Hand Weapons
 a - a +2 dagger
 g - a +0 falchion (weapon)
Missiles
 d - 4 poisoned darts (quivered)
 e - 2 curare-tipped darts
Armour
 b - a +0 robe (worn)
 c - a +0 cloak (worn)
Potions
 f - a potion of brilliance {unknown}
 h - a potion of haste {unknown}
 i - a potion of invisibility {unknown}


   Skills:
 + Level 2.8 Fighting
 - Level 1.7(1.8) Short Blades
 - Level 0.2(1.1) Long Blades
 - Level 1.7 Throwing
 - Level 0.8 Dodging
 - Level 3.6 Stealth
 * Level 0.2 Unarmed Combat


You had one spell level left.
You didn't know any spells.
Your spell library contained the following spells:

 Spells                   Type           Power      Damage    Failure   Level
 Animate Skeleton         Necr           0%         N/A       32%         1
 Apportation              Tloc           0%         N/A       32%         1
 Corona                   Hex            0%         N/A       32%         1
 Magic Dart               Conj           0%         1d3       32%         1
 Summon Small Mammal      Summ           0%         N/A       32%         1
 Searing Ray              Conj           0%         3d3       45%         2
 Dazzling Flash           Conj/Hex       0%         N/A       69%         3
 Fulminant Prism          Conj/Hex       0%         3d6       97%         4
 Iskenderun's Mystic Bla  Conj/Tloc      0%         2d3       97%         4


Dungeon Overview and Level Annotations

Branches:
Dungeon (2/15)

Altars:


Innate Abilities, Weirdness & Mutations

You have sharp fingernails.


Message History

Throw: 6 darts (poison)
Press: ? - help, Q - select action, (/) - cycle Shift-Dir - straight line, f/p - adder
Aim: an adder (lightly wounded, poisoned, 40% to hit)
You throw a poisoned dart. The poisoned dart hits the adder.
The adder looks even sicker.
The adder is lightly wounded.
Throw: 5 darts (poison)
Press: ? - help, Q - select action, (/) - cycle Shift-Dir - straight line, f/p - adder
Aim: an adder (lightly wounded, very poisoned, 40% to hit)
You throw a poisoned dart.
The poisoned dart barely misses the adder.
Unknown command.
You closely miss the adder.
The adder is heavily wounded.
The adder bites you.
You are poisoned.
The adder poisons you!
You hit the adder.
The adder is severely wounded.
You feel sick. The adder bites you but does no damage. The adder bites you.
You miss the adder.
The adder is severely wounded.
You feel sick. The adder misses you. The adder bites you.
You miss the adder.
The adder is severely wounded.
You feel sick. The adder bites you. x2
You hit the adder but do no damage.
The adder is severely wounded.
You feel sick.
You are no longer poisoned.
The adder bites you.
* * * LOW HITPOINT WARNING * * *
Unknown command.
You barely miss the adder.
The adder is severely wounded.
The adder bites you.
* * * LOW HITPOINT WARNING * * *
You are lethally poisoned!
The adder poisons you! The adder bites you.
You die...

.. ##. ### ... .. ..#
...##. #.# ..
....#.###.# .$...
#.....†.# ......
#.......######.......
#.......#†...........
###(......#...[.......
((...>....S@........#
###.)....##.........###
#......##............
#......##.........#
#########.###.##### #.#
#.# #.# #.# #.# #.# #.
#.#


You could see an adder (poisoned).

Vanquished Creatures
  A ball python (D:2)
  5 endoplasms (D:1)
  A goblin (D:1)
  A hobgoblin (D:1)
  2 kobolds (D:1)
  A bat (D:2)
  A frilled lizard (D:2)
12 creatures vanquished.

Notes
Turn   | Place    | Note
-------+----------+-------------------------------------------
     0 | D:1      | tsouns the Demonspawn Brigand began the quest for the Orb.
     0 | D:1      | Reached XP level 1. HP: 16/16 MP: 1/1
   649 | D:1      | Gained mutation: You have sharp fingernails. [demonic
                  | ancestry]
   649 | D:1      | Reached XP level 2. HP: 22/23 MP: 2/2
  1051 | D:2      | Slain by an adder

Illustrated notes

Levels and vault maps discovered:
D:1:      psy_arrival_basics, layout_rooms
D:2:      layout_basic, ebering_ecumenical_altar_rust

Action                   || total
-------------------------++-------
Melee: Dagger            ||    20
       Falchion          ||    17
Throw: Dart              ||     4
 Stab: Sleeping          ||     6
Armor: Robe              ||     2
Dodge: Dodged            ||    13
       Rpst.: Falchion   ||     4

Table legend: (Time is in decaauts)
 A = Elapsed time spent in this place.
 B = Non-inter-level travel time spent in this place.
 C = Inter-level travel time spent in this place.
 D = Time resting spent in this place.
 E = Time spent auto-exploring this place.
 F = Levels seen in this place.
 G = Mean time per level.
                   A        B        C        D        E       F      G
               +--------+--------+--------+--------+--------+-----+--------+
         Total |   1051 |   1017 |     34 |      0 |    904 |   2 |  525.5 |
       Dungeon |   1051 |   1017 |     34 |      0 |    904 |   2 |  525.5 |
               +--------+--------+--------+--------+--------+-----+--------+

Top non-repeatable levels by time:
     D:1: 964 daAuts
     D:2: 87 daAuts
